cohdb
Replays
Latest Replays
All Replays
Popular Replays
Top Player Replays
Match Explorer
How It Works
Community
CoH3 Stats
Reddit
Sign in to upload your games and track your stats! →
Sign in with Steam
Match 41366949
Unlisted
Match 41366949
Overview
Messages
Build Orders
End
Engineer Squad
Construct Weapon Support Center
Selects Heavy Weapons
M1919 Machine Gun Team
M1919 Machine Gun Team
Bazooka Squad
Air Support Center
M3 Armored Personnel Carrier
Grasshopper Recon Run
Construct Barracks
Selects M2HB .50cal Heavy Machine Gun
Selects Assault Carriers
Riflemen Squad
M3 Assault Carrier
Grasshopper Recon Run
Grenade Package
Construct Medical Station
Grasshopper Recon Run
M3 Assault Carrier
Bazooka Squad
Grasshopper Recon Run
P-47 Strafing Run
Bazooka Squad
Grasshopper Recon Run
DragonNeko
Luminescence
Yaas
圣战士阿凡提
no inbred rage-quitter?
党卫军老鼠连
0
0
Comments
sign in to comment!
No comments posted yet!